 Dungeon Crawl Stone Soup version 0.31-a0-988-g08d55dae12 (webtiles) character file.

Game seed: 3636296608298328424

203170 ongoing the Metallomancer (level 18, -3/112 HPs)
             Began as a Gargoyle Earth Elementalist on Nov 5, 2023.
             Was a High Priest of Vehumet.
             Slain by a broodmother zombie (9 damage)
             ... on level 4 of the Spider Nest.
             The game lasted 02:14:34 (42855 turns).

ongoing the Metallomancer (GrEE)                   Turns: 42855, Time: 02:14:34

Health: -3/112     AC: 32    Str: 13    XL:     18   Next: 60%
Magic:  42/52      EV: 19    Int: 24    God:    Vehumet [*****.]
Gold:   2472       SH:  0    Dex: 10    Spells: 1/41 levels left

rFire   . . .        Z - +1 quarterstaff of the Desert {protect, rElec Will++ MP+9 Int-3}
rCold   + . .        (shield currently unavailable)
rNeg    + . .        g - +1 ring mail "Pufous" {rElec rCorr Int+2 SInv}
rPois   ∞            x - +1 helmet
rElec   +            K - +1 cloak of Starlight {*Dazzle EV+4 Stlth--}
rCorr   +            o - +2 pair of gloves {Stlth+}
SInv    +            e - +2 pair of boots {Stlth+}
Will    +++..        k - amulet of magic regeneration
Stlth   +            E - ring of the Thirteen Youths {rC+ EV+5 Str+2}
HPRegen 0.38/turn    A - ring of magical power
MPRegen 0.73/turn

%: no passive effects
@: on berserk cooldown, flying, slowed, very slow
A: sickness immunity, AC +13, big wings, negative energy resistance 1,
electricity resistance, torment resistance 1, petrification resistance
}: 1/15 runes: decaying
a: Renounce Religion


You were on level 4 of the Spider Nest.
You worshipped Vehumet.
Vehumet was extremely pleased with you.
You visited 6 branches of the dungeon, and saw 31 of its levels.

You collected 5567 gold pieces.
You spent 3095 gold pieces at shops.

Inventory:

Hand Weapons
 Z - the +1 quarterstaff of the Desert (weapon) {protect, rElec Will++ MP+9 Int-3}
   (You found it on level 1 of the Spider Nest)

   Int-3:     It affects your intelligence (-3).
   rElec:     It insulates you from electricity.
   Will++:    It greatly increases your willpower.
   MP+9:      It affects your magic capacity (+9).
Missiles
 l - a throwing net
 s - 3 curare-tipped darts
 Q - 2 javelins
 X - 6 silver javelins
Armour
 e - a +2 pair of boots of stealth (worn)
 g - the +1 ring mail "Pufous" (worn) {rElec rCorr Int+2 SInv}
   (You bought it in a shop on level 2 of the Orcish Mines)

   Int+2:     It affects your intelligence (+2).
   rElec:     It insulates you from electricity.
   SInv:      It lets you see invisible.
   rCorr:     It protects you from acid and corrosion.
 o - a +2 pair of gloves of stealth (worn)
 x - a +1 helmet (worn)
 C - a +2 buckler of protection
 K - the +1 cloak of Starlight (worn) {*Dazzle EV+4 Stlth--}
   (You bought it in a shop on level 2 of the Dungeon)

   *Dazzle:   It may blind those who miss an attack against the wearer in melee
   combat.
   EV+4:      It affects your evasion (+4).
   Stlth--:   It makes you much less stealthy.
Magical Staves
 T - a staff of earth
Jewellery
 k - an amulet of magic regeneration (around neck)
 m - a ring of positive energy
 A - a ring of magical power (right hand)
 E - the ring of the Thirteen Youths (left hand) {rC+ EV+5 Str+2}
   (You bought it in a shop on level 2 of the Orcish Mines)

   [ring of evasion]

   EV+5:      It affects your evasion (+5).
   Str+2:     It affects your strength (+2).
   rC+:       It protects you from cold.
 G - a ring of fire
 S - a ring of protection from fire
Wands
 c - a wand of mindburst (27)
 d - a wand of roots (16)
 z - a wand of quicksilver (12)
 F - a wand of polymorph (6)
 H - a wand of paralysis (21)
 U - a wand of digging (3)
Scrolls
 a - 2 scrolls of immolation
 f - 7 scrolls of fog
 j - 3 scrolls of amnesia
 t - 10 scrolls of teleportation
 v - 7 scrolls of revelation
 w - 2 scrolls of butterflies
 y - 2 scrolls of enchant armour
 B - 2 scrolls of blinking
 J - 2 scrolls of poison
 W - 3 scrolls of fear
Potions
 b - 4 potions of magic
 h - 2 potions of haste
 i - a potion of mutation
 n - 13 potions of curing
 p - 2 potions of cancellation
 q - a potion of enlightenment
 r - a potion of heal wounds
 L - 2 potions of brilliance
 N - a potion of resistance
 P - 5 potions of invisibility
 R - 4 potions of berserk rage
 V - 4 potions of lignification
Miscellaneous
 O - a phantom mirror


   Skills:
 - Level 12.0 Fighting
 - Level 8.0 Armour
 - Level 1.5 Dodging
 - Level 2.1 Stealth
 - Level 5.0 Shields
 - Level 12.0 Spellcasting
 - Level 12.0 Conjurations
 - Level 0.7 Transmutations
 + Level 14.6 Fire Magic
 + Level 7.1 Air Magic
 - Level 21.0 Earth Magic
 - Level 8.0 Evocations


You had one spell level left.
You knew the following spells:

 Your Spells              Type           Power      Damage    Failure   Level
a - Stone Arrow           Conj/Erth      100%       3d13      1%          3
b - Bombard               Conj/Erth      38%        9d7       1%          6
c - Fireball              Conj/Fire      33%        3d14      1%          5
d - Starburst             Conj/Fire      33%        6d10      1%          6
e - Brom's Barrelling Bo  Conj/Erth      76%        2d9       1%          4
f - Ignition              Fire           35%        3d11      32%         8
g - Lee's Rapid Deconstr  Erth           43%        3d21*     1%          5
h - Passwall              Tmut/Erth      50%        N/A       1%          2
i - Sandblast             Erth           100%       2d20      0%          1

Your spell library contained the following spells:

 Spells                   Type           Power      Damage    Failure   Level
 Magic Dart               Conj           100%       1d8       1%          1
 Sting                    Tmut/Pois      64%        1d6       7%          1
 Slow                     Hex            56%        N/A       9%          1
 Scorch                   Fire           100%       2d9       1%          2
 Inner Flame              Hex/Fire       49%        N/A       1%          3
 Mephitic Cloud           Conj/Pois/Air  45%        N/A       1%          3
 Animate Armour           Summ/Erth      100%       N/A       1%          4
 Flame Wave               Conj/Fire      67%        2d15      1%          4
 Petrify                  Tmut/Erth      61%        N/A       1%          4
 Sticky Flame             Conj/Fire      67%        2d8       1%          4
 Arcjolt                  Conj/Air       28%        1d38      1%          5
 Iskenderun's Battlesphe  Conj           64%        2d11      1%          5
 Plasma Beam              Fire/Air       30%        2x1d43    4%          6
 Conjure Ball Lightning   Conj/Air       28%        3x3d8     7%          6
 Call Imp                 Summ           28%        N/A       12%         2
 Orb of Destruction       Conj           32%        9d10      13%         7
 Summon Lightning Spire   Summ/Air       31%        N/A       19%         4
 Vhi's Electric Charge    Tloc/Air       62%        N/A       19%         4
 Olgreb's Toxic Radiance  Pois           14%        N/A       21%         4
 Confusing Touch          Hex            14%        N/A       24%         3
 Sigil of Binding         Hex            14%        N/A       24%         3
 Vampiric Draining        Necr           14%        2d7       24%         3
 Yara's Violent Unravell  Hex/Tmut       8%         3d5       43%         5
 Maxwell's Capacitive Co  Air            24%        ∞         99%         8
 Death Channel            Necr           7%         N/A       100%        6
 Summon Cactus Giant      Summ           7%         N/A       100%        6
 Enfeeble                 Hex            7%         N/A       100%        7
 Discord                  Hex            7%         N/A       100%        8


Dungeon Overview and Level Annotations

Branches:
Dungeon (15/15)            Temple (1/1) D:6            Lair (5/5) D:11
  Swamp (4/4) Lair:2       Spider (4/4) Lair:3        Slime (0/5) Lair:5
    Orc (2/2) D:10            Elf (0/3) Orc:2        Vaults (0/5) D:13
 Depths (0/4) D:15

Altars:
Ashenzari
Cheibriados
Dithmenos
Elyvilon
Fedhas
Gozag
Hepliaklqana
Kikubaaqudgha
Makhleb
Nemelex Xobeh
Okawaru
Qazlal
Ru
Sif Muna
Trog
Uskayaw
Vehumet
Wu Jian
Xom
Yredelemnul
Zin
The Shining One
Jiyva

Shops:
D:1 [   D:2 *[   D:13 [   D:14 [   Orc:1 ?   Orc:2 =*[(

Annotations:
D:7 1 runed translucent door, dertzug's ghost, novice OpSh
Orc:1 1 runed translucent door


Innate Abilities, Weirdness & Mutations

You are immune to sickness and miasma.
Your stone body is resilient. (AC +13)
You are immune to poison.
Your large and strong wings let you fly.
You resist negative energy. (rN+)
You are resistant to electric shocks. (rElec)
You are resistant to unholy torment.
You are immune to petrification.


Message History

The redback bites you but does no damage.
You feel your anger nearly subside.
You feel less invigorated.
You feel less confused.
You are no longer berserk.
You are exhausted.
You feel yourself slow down.
Aiming: Brom's Barrelling Boulder (safe; 1% risk of failure)
Press: ? - help, Dir - move target, f - you, p - redback There's a thick-headed creature in the way.
Okay, then.
Casting: Starburst (dangerous; 1% risk of failure)
Press: ? - help, Dir - look around, f - activate The bolt of fire hits the wolf spider!!
The wolf spider is moderately wounded.
The bolt of fire hits the broodmother zombie!!!
The broodmother zombie is heavily damaged.
The bolt of fire hits the redback!!
You kill the redback!
Vehumet accepts your kill.
You feel your power returning.
The bolt of fire hits the moth of wrath!!!
The moth of wrath is severely wounded.
The wolf spider is engulfed in a cloud of scalding steam.
The wolf spider hits you but does no damage.
The wolf spider bites you!
* * * LOW HITPOINT WARNING * * *
The wolf spider is engulfed in a cloud of scalding steam.
The wolf spider hits you!
* * * LOW HITPOINT WARNING * * *
The wolf spider closely misses you.
The broodmother zombie is engulfed in a cloud of scalding steam.
The moth of wrath barely misses you.
The wolf spider is engulfed in a cloud of scalding steam.
The wolf spider closely misses you. The wolf spider bites you.
* * * LOW HITPOINT WARNING * * *
The moth of wrath completely misses you.
The moth of wrath's vision is obscured by starry radiance!
The broodmother zombie is engulfed in a cloud of scalding steam.
The broodmother zombie bites you!
You die...

##### #^.^^
#############################.8.8
~......~~s~.............#~~~#....
~....†..~~#~~~.y#....~~~~~~~#....
#~....^#.~~~~~§s@.^.§§~~~...#.8.8
~~...........÷~Z§§~~~~#...#.#....
~~...#.^....#.§~§~#~.^......#....
~~#.###################.....#.8.8
.~~^#^,,,,*,,,^,,,,,,,#....##....
.~~.#,*,,,,,,,,,,,^,*,#.....#...(
.~~.#,,,^,,,^,*,,,,,,,#.....#.8.8
.†~.#~,,,**********,^,#..~.^#....
.~~~#~~,,*,,,,^,,,*,,,#..#.~##.##


You could see a wolf spider (berserk), a moth of wrath (blind), a jumping spider
and a broodmother zombie.

Vanquished Creatures
  Nikola (Spider:1)
  Arachne (Spider:3)
  A tentacled monstrosity (Swamp:4)
  Rupert (Orc:1)
  A thorn hunter (Swamp:2)
  Roxanne (Spider:1)
  A frost giant (D:13)
  5 emperor scorpions
  2 ghost moths (Spider:3)
  2 orc warlords
  A broodmother (Spider:2)
  2 eleionomae
  The ghost of kskgo the Blocker, a journeyman FoFi of Fedhas (Lair:5)
  Azrael (D:14)
  2 dire elephants (Spider:4)
  2 spark wasps
  6 bunyips
  An ettin (Orc:1)
  Snorg (D:14)
  4 fire dragons
  Josephine (Spider:1)
  3 entropy weavers
  2 shambling mangroves
  25 hydras
  3 vault guards (D:13)
  3 jorogumos
  2 ghost crabs
  6 centaur warriors
  3 catoblepae
  5 boulder beetles
  3 alligators
  An ironbound frostheart (D:13)
  4 radroaches
  6 two-headed ogres
  2 death yaks (Lair:5)
  4 orc high priests (Orc:2)
  A deep elf knight (Spider:4)
  7 demonic crawlers
  A fire crab (shapeshifter) (D:13)
  A fire crab (Lair:5)
  A skyshark (Lair:4)
  A sun moth (Spider:1)
  9 goliath frogs
  4 spriggan druids
  9 pharaoh ants
  A deep troll (Lair:2)
  A spectral wolf spider (Spider:4)
  2 swamp dragons
  3 orb spiders
  A deep elf archer (Spider:4)
  3 bog bodies
  3 orc knights (Orc:1)
  An arcanist (D:14)
  11 steelbarb worms
  An oklob plant (Lair:5)
  6 orc sorcerers
  3 lindwurms (Swamp:4)
  12 wolf spiders
  9 ugly things
  4 cyclopes
  8 manticores
  2 moths of wrath
  7 will-o-the-wisps
  8 elephants
  7 black mambas
  2 molten gargoyles (Lair:5)
  7 torpor snails
  11 cane toads
  A cane toad (shapeshifter) (D:15)
  2 spectral redbacks (Spider:4)
  2 unseen horrors
  12 komodo dragons
  3 kobold demonologists
  A rime drake (shapeshifter) (D:13)
  2 rime drakes
  2 efreet
  2 freezing wraiths (D:14)
  A redback zombie (Spider:4)
  4 bloated husks
  5 polar bears
  5 meliai (D:13)
  A queen bee (shapeshifter) (D:15)
  A spectral jumping spider (Spider:4)
  2 spectral tarantellas (Spider:4)
  11 hornets
  17 tarantellas
  10 tyrant leeches
  15 blink frogs
  A raiju (Spider:4)
  3 trolls
  12 dream sheep
  A jumping spider (shapeshifter) (D:13)
  13 slime creatures
  16 jumping spiders
  8 spriggans
  6 wraiths
  A vampire (D:13)
  25 culicivoras
  3 shadows
  3 humans (D:13)
  36 yaks
  4 wyverns
  6 basilisks
  5 fire elementals (D:14)
  17 vampire mosquitoes
  12 swamp worms
  39 redbacks
  5 wargs
  5 acid dragons
  12 water moccasins
  6 hell hounds
  32 orc warriors
  8 swamp drakes (Swamp:4)
  2 sky beasts
  An ice beast (D:7)
  A black bear (Lair:2)
  11 ogres
  13 centaurs
  10 wolves (Lair:1)
  A phantom (D:4)
  4 kobold brigands
  9 bullfrogs
  2 gnoll sergeants
  A scorpion (D:7)
  21 wights
  9 killer bees
  2 electric eels
  7 howler monkeys
  6 lava snakes
  A hound (D:5)
  2 jellies
  A gnoll bouda (D:8)
  25 orc priests
  2 iguanas
  19 orc wizards
  A sleepcap (D:5)
  Natasha (thrice) (D:2)
  8 adders
  13 gnolls
  2 white imps (D:7)
  2 ufetubi (D:5)
  2 worms (D:2)
  5 dart slugs
  60 orcs
  3 endoplasms
  4 giant cockroaches
  7 goblins
  7 hobgoblins
  7 quokkas
  6 ball pythons
  7 bats
  4 frilled lizards
  20 kobolds
  2 rats
  A spectral orc (D:10)
949 creatures vanquished.

Vanquished Creatures (collateral kills)
  A jumping spider (Spider:1)
  14 boulders
15 creatures vanquished.

Vanquished Creatures (others)
  A tarantella (Spider:1)
  A culicivora (Spider:1)
  A redback (Spider:1)
  2 swamp drakes (Swamp:4)
  18 boulders
  14 foxfires
37 creatures vanquished.

Grand Total: 1001 creatures vanquished

Notes
Turn   | Place    | Note
-------+----------+-------------------------------------------
     0 | D:1      | ongoing the Gargoyle Earth Elementalist began the quest for
                  | the Orb.
     0 | D:1      | Reached XP level 1. HP: 10/10 MP: 3/3
    24 | D:1      | You fall into a shaft and drop 1 floor!
    30 | D:2      | Identified the +4 scimitar of Charred Conscience {holy,
                  | rPois rCorr}
    85 | D:2      | Found Tekin's General Store.
   109 | D:2      | Found Teih's Antique Armour Emporium.
   241 | D:1      | Reached skill level 4 in Earth Magic
   306 | D:1      | Reached XP level 2. HP: 12/15 MP: 1/5
   401 | D:1      | Found Hecioc's Antique Armour Emporium.
   966 | D:1      | Reached XP level 3. HP: 19/19 MP: 4/6
  1544 | D:2      | Reached skill level 5 in Earth Magic
  1630 | D:2      | Reached XP level 4. HP: 24/24 MP: 6/8
  1694 | D:2      | Noticed Natasha
  1696 | D:2      | Killed Natasha
  1716 | D:2      | Learned a level 3 spell: Stone Arrow
  1788 | D:2      | Noticed Natasha
  1791 | D:2      | Killed Natasha
  1842 | D:2      | Reached XP level 5. HP: 28/28 MP: 6/9
  1992 | D:2      | Noticed Natasha
  1994 | D:2      | Killed Natasha
  1995 | D:2      | Reached skill level 1 in Conjurations
  2535 | D:3      | Reached skill level 6 in Earth Magic
  2903 | D:4      | Reached XP level 6. HP: 32/32 MP: 9/11
  3041 | D:4      | Learned a level 2 spell: Passwall
  3391 | D:4      | HP: 1/32 [centaur/arrow (1)]
  3424 | D:4      | Reached skill level 7 in Earth Magic
  3578 | D:5      | Entered Level 5 of the Dungeon
  3584 | D:5      | Reached XP level 7. HP: 33/36 MP: 8/12
  4066 | D:5      | Found an ancient bone altar of Kikubaaqudgha.
  4066 | D:5      | Found a hazy altar of Hepliaklqana.
  4067 | D:5      | Found a shimmering blue altar of Sif Muna.
  4077 | D:5      | Found a shadowy altar of Dithmenos.
  4433 | D:1      | Bought an ichor-stained leather armour for 140 gold pieces
  4433 | D:1      | Identified the +2 leather armour of the Constellations
                  | {rPois rCorr} (You bought it in a shop on level 1 of the
                  | Dungeon)
  4583 | D:5      | Found an iron altar of Okawaru.
  4716 | D:5      | Reached skill level 8 in Earth Magic
  5238 | D:5      | Identified a scroll of acquirement
  5239 | D:5      | Identified the "Botufeari" (You acquired it on level 5 of
                  | the Dungeon)
  5239 | D:5      | Acquired 873 gold pieces
  5317 | D:2      | Bought the +1 cloak of Starlight {*Dazzle EV+4 Stlth--} for
                  | 396 gold pieces
  5317 | D:2      | Found the +1 cloak of Starlight {*Dazzle EV+4 Stlth--}
  5317 | D:2      | Bought a potion of heal wounds for 65 gold pieces
  5317 | D:2      | Bought a potion of curing for 39 gold pieces
  5402 | D:1      | Bought a runed helmet for 150 gold pieces
  5621 | D:6      | Reached XP level 8. HP: 41/41 MP: 9/14
  6109 | D:6      | Reached skill level 9 in Earth Magic
  6218 | D:6      | Found a staircase to the Ecumenical Temple.
  6256 | Temple   | Entered the Ecumenical Temple
  6262 | Temple   | Became a worshipper of Vehumet
  6482 | D:7      | Reached skill level 5 in Spellcasting
  6633 | D:7      | Noticed a hornet
  6649 | D:7      | Killed a hornet
  6650 | D:7      | Reached skill level 5 in Conjurations
  6650 | D:7      | Reached skill level 10 in Earth Magic
  6900 | D:7      | Reached XP level 9. HP: 45/45 MP: 13/17
  7073 | D:7      | Noticed dertzug's ghost (novice OpSh)
  7077 | D:7      | Found a runed translucent door.
  7595 | D:8      | Reached * piety under Vehumet
  7595 | D:8      | Offered knowledge of Magic Dart by Vehumet.
  7596 | D:8      | Reached skill level 11 in Earth Magic
  7939 | D:8      | Noticed a two-headed ogre
  7943 | D:8      | Learned a level 4 spell: Brom's Barrelling Boulder
  7963 | D:8      | Killed a two-headed ogre
  7964 | D:8      | Reached skill level 12 in Earth Magic
  8225 | D:8      | Reached skill level 1 in Fighting
  8225 | D:8      | Reached skill level 1 in Shields
  8225 | D:8      | Reached XP level 10. HP: 41/52 MP: 20/20
  8493 | D:8      | Found a glowing silver altar of Zin.
  9071 | D:9      | Offered knowledge of Poisonous Vapours by Vehumet.
  9075 | D:9      | Reached ** piety under Vehumet
  9538 | D:9      | Noticed a two-headed ogre
  9575 | D:9      | Killed a two-headed ogre
  9576 | D:9      | Reached skill level 5 in Fighting
  9576 | D:9      | Reached skill level 5 in Shields
  9670 | D:9      | Offered knowledge of Dazzling Flash by Vehumet.
 10150 | D:9      | Reached *** piety under Vehumet
 10247 | D:9      | Learned a level 5 spell: Iskenderun's Battlesphere
 10270 | D:10     | Entered Level 10 of the Dungeon
 10595 | D:10     | Found a staircase to the Orcish Mines.
 10751 | D:10     | Noticed a two-headed ogre
 10765 | D:10     | Killed a two-headed ogre
 10766 | D:10     | Reached XP level 11. HP: 68/68 MP: 11/21
 11316 | D:10     | Offered knowledge of Frozen Ramparts by Vehumet.
 11536 | D:10     | Found a basalt altar of Yredelemnul.
 11740 | D:11     | Found a staircase to the Lair.
 11776 | D:11     | Reached skill level 5 in Evocations
 11950 | D:11     | Noticed a two-headed ogre
 11959 | D:11     | Killed a two-headed ogre
 12056 | D:11     | Noticed a manticore
 12059 | D:11     | Killed a manticore
 12277 | D:11     | Reached **** piety under Vehumet
 12285 | D:11     | Offered knowledge of Volatile Blastmotes by Vehumet.
 12811 | D:13     | Identified the "Logit"
 12811 | Lair:1   | Entered Level 1 of the Lair of Beasts
 13873 | Lair:2   | Reached XP level 12. HP: 62/73 MP: 22/22
 14112 | Lair:2   | Reached skill level 13 in Earth Magic
 14213 | Lair:2   | Noticed a catoblepas
 14233 | Lair:2   | Killed a catoblepas
 14579 | Lair:2   | Noticed a seven-headed hydra
 14601 | Lair:2   | Killed a seven-headed hydra
 15017 | Lair:2   | Found a staircase to the Swamp.
 15121 | Lair:2   | Reached skill level 14 in Earth Magic
 15507 | Lair:2   | Acquired a staff of earth
 16031 | Lair:3   | Reached ***** piety under Vehumet
 16097 | Lair:3   | Offered knowledge of Flame Wave by Vehumet.
 16496 | Lair:3   | Reached skill level 15 in Earth Magic
 16799 | Lair:3   | Reached XP level 13. HP: 78/78 MP: 23/25
 16869 | Lair:3   | Found a hole to the Spider Nest.
 17616 | Lair:4   | Reached skill level 10 in Conjurations
 17701 | Lair:4   | Reached skill level 16 in Earth Magic
 18440 | Lair:5   | Entered Level 5 of the Lair of Beasts
 19173 | Lair:5   | Reached skill level 17 in Earth Magic
 19285 | Lair:5   | Reached skill level 10 in Spellcasting
 19366 | Lair:5   | Found a staircase to the Slime Pits.
 19390 | Lair:5   | Found a runed translucent door.
 19397 | Lair:5   | Noticed kskgo's ghost (journeyman FoFi)
 19405 | Lair:5   | Found a viscous altar of Jiyva.
 19490 | Lair:5   | Gained mutation: Your large and strong wings let you fly.
                  | [Gargoyle growth]
 19490 | Lair:5   | Reached XP level 14. HP: 75/84 MP: 26/28
 20312 | Lair:5   | Reached skill level 18 in Earth Magic
 20561 | Lair:5   | Found a large runed translucent door.
 20561 | Lair:5   | Found a large runed translucent door.
 21047 | Lair:5   | Killed kskgo's ghost
 21215 | Lair:5   | Offered knowledge of Spellforged Servitor by Vehumet.
 21528 | Orc:1    | Entered Level 1 of the Orcish Mines
 21865 | Orc:1    | Found Isem's Magic Scroll Shop.
 21869 | Orc:1    | Bought a scroll of identify for 24 gold pieces
 21869 | Orc:1    | Bought a scroll of identify for 24 gold pieces
 21869 | Orc:1    | Bought a scroll of identify for 24 gold pieces
 21869 | Orc:1    | Bought a scroll of blinking for 90 gold pieces
 21869 | Orc:1    | Bought a scroll of identify for 24 gold pieces
 21869 | Orc:1    | Bought a scroll of identify for 24 gold pieces
 22040 | Orc:1    | Found a runed translucent door.
 22043 | Orc:1    | Noticed a balrug
 22316 | Orc:2    | Entered Level 2 of the Orcish Mines
 22316 | Orc:2    | Noticed Rupert
 22769 | Orc:2    | Noticed an orc warlord
 22979 | Orc:1    | HP: 1/84 [Rupert/+4 antimagic great mace (34)]
 23275 | Orc:1    | Killed Rupert
 23346 | Orc:2    | Found a staircase to the Elven Halls.
 23515 | Orc:2    | Gained mutation: You sometimes lose your temper in combat.
                  | [a neqoxec]
 23521 | Orc:2    | Lost mutation: You sometimes lose your temper in combat. [a
                  | neqoxec]
 23746 | Orc:2    | Noticed an orc warlord
 23771 | Orc:1    | Killed an orc warlord
 23772 | Orc:1    | Reached skill level 19 in Earth Magic
 24644 | Orc:2    | Reached ****** piety under Vehumet
 24730 | Orc:2    | Killed an orc warlord
 24912 | Orc:2    | Reached skill level 1 in Fire Magic
 24978 | Orc:2    | Reached XP level 15. HP: 64/88 MP: 20/30
 25314 | Orc:2    | Found Haeps's Antique Armour Shop.
 25315 | Orc:2    | Found Xiedeug's Antique Weapon Boutique.
 25317 | Orc:2    | Found Jymik's General Store.
 25317 | Orc:2    | Found Wosuih's Jewellery Shop.
 25322 | Orc:2    | Bought a distressingly furry ring mail for 180 gold pieces
 25322 | Orc:2    | Identified the +1 ring mail "Pufous" {rElec rCorr Int+2
                  | SInv} (You bought it in a shop on level 2 of the Orcish
                  | Mines)
 25333 | Orc:2    | Bought the ring of the Thirteen Youths {rC+ EV+5 Str+2} for
                  | 758 gold pieces
 25333 | Orc:2    | Bought an amulet of magic regeneration for 420 gold pieces
 25900 | Orc:1    | Learned a level 5 spell: Fireball
 25906 | Orc:1    | Learned a level 5 spell: Lee's Rapid Deconstruction
 25973 | Orc:2    | Bought an ichor-stained robe for 114 gold pieces
 25973 | Orc:2    | Identified the +0 robe "Ykanli" {rElec rF++ Will- Int+2}
                  | (You bought it in a shop on level 2 of the Orcish Mines)
 26576 | D:12     | Reached skill level 20 in Earth Magic
 27054 | D:13     | Reached skill level 1 in Armour
 27096 | D:13     | Offered knowledge of Bombard by Vehumet.
 27342 | D:13     | Learned a level 6 spell: Bombard
 27548 | D:13     | Noticed a frost giant
 27552 | D:13     | Killed a frost giant
 27621 | D:13     | Reached skill level 5 in Fire Magic
 27917 | D:13     | Found Momass's Antique Armour Emporium.
 28512 | D:13     | Found a gate to the Vaults.
 28559 | D:13     | Reached skill level 5 in Armour
 29274 | D:14     | Found Pimom's Antique Armour Shop.
 29361 | D:14     | Found a blossoming altar of Fedhas.
 29362 | D:14     | Noticed Azrael
 29393 | D:14     | Killed Azrael
 29703 | D:14     | Found a burning altar of Makhleb.
 29744 | D:15     | Entered Level 15 of the Dungeon
 29869 | D:15     | Reached XP level 16. HP: 93/93 MP: 5/32
 29926 | D:15     | Found a staircase to the Depths.
 30050 | D:15     | Offered knowledge of Ozocubu's Refrigeration by Vehumet.
 30550 | D:14     | Noticed Snorg
 30556 | D:14     | Killed Snorg
 30696 | Swamp:1  | Entered Level 1 of the Swamp
 32226 | Swamp:1  | Reached skill level 10 in Fire Magic
 32476 | Swamp:2  | Noticed a thorn hunter
 32483 | Swamp:2  | Killed a thorn hunter
 32845 | Swamp:2  | You are sucked into a shaft and drop 1 floor!
 33257 | Swamp:3  | Offered knowledge of Eringya's Noxious Bog by Vehumet.
 33445 | Swamp:4  | Entered Level 4 of the Swamp
 34533 | Swamp:4  | Noticed a tentacled monstrosity
 34536 | Swamp:4  | Killed a tentacled monstrosity
 34742 | Swamp:4  | Reached XP level 17. HP: 100/100 MP: 29/33
 35042 | Swamp:4  | Acquired 759 gold pieces
 35264 | Swamp:4  | Reached skill level 10 in Fighting
 35566 | Swamp:4  | Got a decaying rune of Zot
 35780 | Swamp:4  | Reached skill level 21 in Earth Magic
 36109 | Spider:1 | Entered Level 1 of the Spider Nest
 36303 | Spider:1 | Reached skill level 1 in Air Magic
 36305 | Spider:1 | Offered knowledge of Starburst by Vehumet.
 36314 | Spider:1 | Learned a level 6 spell: Starburst
 36651 | Spider:1 | Noticed Nikola
 36663 | Spider:1 | Killed Nikola
 36811 | Spider:1 | Noticed Roxanne
 36823 | Spider:1 | Killed Roxanne
 36975 | Spider:1 | Noticed Josephine
 36977 | Spider:1 | Killed Josephine
 37314 | Spider:1 | Acquired 799 gold pieces
 37345 | Spider:1 | Identified the +1 quarterstaff of the Desert {protect,
                  | rElec Will++ MP+9 Int-3}
 38553 | Spider:2 | Offered knowledge of Ignition by Vehumet.
 39243 | D:14     | Bought a pair of runed gloves for 217 gold pieces
 39243 | D:14     | Bought a distressingly furry orb for 406 gold pieces
 39243 | D:14     | Identified the orb of the Onion {light, Harm rN+ Int-3}
                  | (You bought it in a shop on level 14 of the Dungeon)
 39468 | Spider:2 | Learned a level 8 spell: Ignition
 39587 | Spider:3 | Reached XP level 18. HP: 112/112 MP: 32/34
 40068 | Spider:3 | Reached skill level 5 in Air Magic
 40565 | Spider:3 | Noticed Arachne
 40580 | Spider:3 | Killed Arachne
 41424 | Spider:4 | Entered Level 4 of the Spider Nest
 41624 | Spider:4 | Acquired 507 gold pieces
 42855 | Spider:4 | Slain by a broodmother zombie

Illustrated notes

Levels and vault maps discovered:
D:1:      amcnicky_arrival_gap_in_the_tavern_cellar, layout_loops_ring,
          serial_aquarium, aquarium_bridge_straight [aquarium_subvault_bridge,
          aquarium_subvault_wall, aquarium_subvault_bridge,
          aquarium_subvault_wall], aquarium_window_1, aquarium_window_corner,
          aquarium_view_2a, aquarium_view_2c, aquarium_balcony_5b, serial_shops,
          shop, st_stairs_9
D:2:      layout_loops_cross, serial_shops, shop, shop, serial_rivers,
          chequers_serial_rivers_small_3, chequers_serial_rivers_room_b,
          chequers_serial_rivers_micro_d, chequers_serial_rivers_large_b,
          uniq_natasha
D:3:      layout_rooms
D:4:      layout_basic, minmay_fractal_squares_5
D:5:      layout_basic, okawaru_gym_becter, nicolae_overflow_quartered_altars
D:6:      layout_rooms, minmay_temple_entry_wispy, bh_walls_and_bars
D:7:      layout_rooms, hellmonk_ghost_happy_afterlife, minivault_25
D:8:      layout_cave_pools, zin_treasury, palyth_stone_intersect
D:9:      layout_basic, serial_glass, glass_columns_a, glass_columns_a,
          glass_columns_a, glass_columns_c, glass_columns_b, glass_columns_b,
          minmay_misc_feat_more_columns, nicolae_concentric_dashed_squares_wild
D:10:     layout_long_grid, yredelemnul_forgotten_temple_becter,
          minmay_orc_entry_temple_small
D:11:     layout_grid_maze, david_lair_generic, minivault_22,
          grunt_decor_mini_mirrors
D:12:     layout_rooms, minivault_12
D:13:     layout_irregular_city, hellmonk_vaults_keyhole, serial_shops,
          shop_statue, evilmike_minifort
D:14:     layout_loops_cross, serial_shops, nicolae_shop_statue_plus,
          fedhas_altar_1, minivault_27, makhleb_altar_promises_db, uniq_azrael,
          uniq_snorg
D:15:     hangedman_depths_entry_try_elsewhere_first, layout_small_grid,
          minmay_misc_feat_secret_circle
Temple:   hellmonk_temple_two_chambers
Lair:1:   layout_loops_ring
Lair:2:   dreamdust_cave_troll, layout_layer_cave, minmay_swamp_entry_swarm
Lair:3:   layout_regular_city, spider_nest_entry_funnel_web,
          infiniplex_staircase_pool
Lair:4:   layout_layer_cave
Lair:5:   cheibrodos_lair_end_hotspot, layout_regular_city, slime_entry_1,
          ebering_ghost_reflecting_pool, lemuel_fruit_tree
Swamp:1:  tekkud_swamp_unearthing_site, layout_basic_swamp,
          evilmike_swamp_ruin_house_2, serial_swamp_ruin,
          evilmike_swamp_ruin_house_4, evilmike_swamp_ruin_house_1,
          swamp_pool_1_2
Swamp:2:  layout_basic_swamp, evilmike_swamp_ruin_house_3
Swamp:3:  layout_basic_swamp, nicolae_swamp_feature_on_the_river_bank
Swamp:4:  swamp_fiery, layout_basic_swamp, nicolae_swamp_decorative_isthmus,
          infiniplex_staircase_pool_2
Spider:1: layout_cave_pods, hangedman_spider_tarantella_strand, uniq_roxanne,
          uniq_josephine, uniq_nikola
Spider:2: layout_spider_delve, nicolae_spider_bug_shape
Spider:3: layout_chambers, uniq_arachne
Spider:4: floodkiller_spider_rune_tomb, beargit_elvish_explorers
Orc:1:    dreamdust_dug_too_deep, layout_caves, serial_shops,
          nicolae_shop_rolled_up
Orc:2:    st_orc_congregation, layout_caves, uniq_rupert

Skill      XL: |  1  2  3  4  5  6  7  8  9 10 11 12 13 14 15 16 17 18 |
---------------+-------------------------------------------------------+-----
Earth Magic    | 4 5 6 7 8 10 12 15 17 19 20 21 | 21.0
Spellcasting   | 3 4 5 6 7 8 10 11 12 | 12.0
Conjurations   | 1 2 3 5 7 9 11 12 | 12.0
Fighting       | 1 8 9 12 | 12.0
Shields        | 1 5 |  5.0
Evocations     | 2 8 |  8.0
Fire Magic     | 1 7 12 13 14 | 14.6
Armour         | 6 8 |  8.0
Air Magic      | 4 7 |  7.1
Dodging        | |  1.5
Stealth        | |  2.1
Transmutations | |  0.7

Action                     |  1- 3 |  4- 6 |  7- 9 | 10-12 | 13-15 | 16-18 || total
---------------------------+-------+-------+-------+-------+-------+-------++-------
  Melee: Scimitar          |    60 |     1 |    10 |     5 |       |       ||    76
         Punch             |     2 |       |       |       |       |       ||     2
         Staff             |       |       |       |     7 |    37 |    13 ||    57
         Quarterstaff      |       |       |       |       |       |    52 ||    52
   Cast: Sandblast         |    26 |    60 |    47 |    47 |   143 |     5 ||   328
         Passwall          |       |     3 |       |       |       |       ||     3
         Stone Arrow       |       |       |    65 |   255 |   757 |   496 ||  1573
         Brom's Barrelling |       |       |     3 |    26 |    17 |       ||    46
         Iskenderun's Batt |       |       |       |    11 |    20 |     3 ||    34
         Bombard           |       |       |       |       |    19 |   394 ||   413
         Fireball          |       |       |       |       |     1 |     5 ||     6
         Starburst         |       |       |       |       |       |    20 ||    20
  Evoke: Wand              |       |       |       |       |     5 |     2 ||     7
         Phantom mirror    |       |       |       |       |       |     1 ||     1
    Use: Potion            |       |     2 |       |       |     3 |     1 ||     6
         Scroll            |       |       |     7 |     7 |    18 |    10 ||    42
   Stab: Sleeping          |     2 |       |       |       |       |       ||     2
         Invisible         |       |       |       |       |     1 |     5 ||     6
 Armour: Robe              |    45 |    22 |    10 |       |       |       ||    77
         Leather armour    |       |       |    33 |    87 |   225 |       ||   345
         Ring mail         |       |       |       |       |   118 |   504 ||   622
  Dodge: Dodged            |    51 |    13 |    54 |   106 |   375 |   681 ||  1280
  Block: Buckler           |       |       |       |    52 |   161 |   132 ||   345

Table legend: (Time is in decaauts)
 A = Elapsed time spent in this place.
 B = Non-inter-level travel time spent in this place.
 C = Inter-level travel time spent in this place.
 D = Time resting spent in this place.
 E = Time spent auto-exploring this place.
 F = Levels seen in this place.
 G = Mean time per level.
                   A        B        C        D        E       F      G
               +--------+--------+--------+--------+--------+-----+--------+
         Total |  43205 |  40744 |   2461 |  13806 |  18161 |  31 | 1393.7 |
       Dungeon |  17821 |  16473 |   1348 |   4180 |   8879 |  15 | 1188.1 |
        Temple |     12 |     12 |      0 |      0 |      0 |   1 |   12.0 |
          Lair |   9495 |   9043 |    452 |   3595 |   3782 |   5 | 1899.0 |
         Swamp |   4859 |   4727 |    132 |   1629 |   2097 |   4 | 1214.8 |
   Spider Nest |   6477 |   6245 |    232 |   2217 |   2303 |   4 | 1619.2 |
  Orcish Mines |   4539 |   4243 |    296 |   2185 |   1100 |   2 | 2269.5 |
               +--------+--------+--------+--------+--------+-----+--------+

Top non-repeatable levels by time:
  Lair:2: 2728 daAuts
  Lair:5: 2607 daAuts
   Orc:1: 2586 daAuts
Spider:3: 2217 daAuts
   Orc:2: 1952 daAuts
    D:13: 1913 daAuts
Spider:1: 1899 daAuts
  Lair:4: 1744 daAuts
 Swamp:4: 1523 daAuts
     D:2: 1481 daAuts
  Lair:3: 1404 daAuts
    D:11: 1399 daAuts
    D:10: 1392 daAuts
     D:4: 1359 daAuts
     D:7: 1355 daAuts
